[Event "*** Titled Tuesday Blitz"]
[Site "Chess.com"]
[Date "2020.04.14"]
[Round "1"]
[White "Zavgorodniy_Serg"]
[Black "eCztery"]
[Result "1-0"]
[WhiteElo "2721"]
[BlackElo "2376"]
[TimeControl "180+1"]
[EndTime "10:09:16 PDT"]
[Termination "Zavgorodniy_Serg won by checkmate"]

1. e4 c5 2. Nf3 Nc6 3. Bb5 Na5 4. O-O g6 5. c3 Bg7 6. d4 cxd4 7. cxd4 Nf6 8. Nc3 O-O 9. Qe2 a6 10. Bd3 d5 11. e5 Ne8 12. h3 Nc7 13. Be3 b5 14. b3 Bb7 15. Rac1 Rc8 16. Qd2 Ne6 17. Ne2 Nc6 18.
Bh6 Qb6 19. Bxg7 Kxg7 20. Bb1 h6 21. h4 f5 22. exf6+ exf6 23. Rfe1 Ne7 24. Nf4 Rxc1 25.
Qxc1 Rc8 26. Nxe6+ Qxe6 27. Qa3 Qxe1+ 28. Nxe1 Nc6 29.
Nf3 b4 30. Qb2 Ne7 31. Qd2 a5 32. Bd3 Rc3 33. Qe2 Kf7 34. Bb5 Bc8 35. Ne1 Be6 36. Nd3 g5 37. h5 Nf5 38. Qd2 Nxd4 39. Ba4 Bf5 40. Nxb4 Rc1+ 41. Kh2 axb4 42. Qxd4 Be6 43. Qa7+ Kf8 44. Qh7 Bf7 45. Qxh6+ Ke7 46. Qg7 Rc8 47.
h6 Rg8 48. Qh7 Kf8 49. Qd3 Rh8 50. Qd4 Rxh6+ 51. Kg1 Kg7 52. Qxb4 Rh4 53. Qxh4 gxh4 54. Bb5 d4 55. Bd3 Kf8 56. Kf1 Ke7 57. f3 Kd6 58. Kf2 Kc5 59. Bc4 Bxc4 60. bxc4 Kxc4 61. Ke2 Kc3 62. Kd1 Kb2 63. a4 Kc3 64. a5 Kd3 65. a6 Ke3 66. a7 Kf2 67. a8=Q Kxg2 68. Qe4 h3 69. f4+ Kg3 70. Qxd4 f5 71. Qg1+ Kxf4 72. Qh2+ Kg4 73. Ke2 f4 74. Kf2 f3 75. Qg3+ Kf5 76. Qxf3+ Ke5 77. Qxh3 Kd5 78. Qh4 Kc5 79. Ke3 Kd5 80.
Qd4+ Ke6 81. Ke4 Ke7 82. Qe5+ Kd7 83. Kd5 Kc8 84. Qg7 Kd8 85. Kd6 Ke8 86. Qe7# 1-0

[Event "*** Titled Tuesday Blitz"]
[Site "Chess.com"]
[Date "2020.04.14"]
[Round "1"]
[White "lhavas"]
[Black "Man-Chuk"]
[Result "0-1"]
[WhiteElo "2401"]
[BlackElo "2771"]
[TimeControl "180+1"]
[EndTime "10:09:17 PDT"]
[Termination "Man-Chuk won on time"]

1. d4 Nf6 2. Bg5 e6 3. e3 h6 4.
Bh4 d5 5. Nd2 c5 6. c3 Nc6 7.
Ngf3 Be7 8. Bd3 b6 9. O-O Bb7 10.
Bb5 O-O 11. Bxc6 Bxc6 12. Ne5 Bb7 13. Ndf3 Ne4 14. Bxe7 Qxe7 15. Nd2 Nd6 16. f4 Rfd8 17. Qg4 f6 18. Ng6 Qf7 19. h4 Nf5 20. Rfe1 a5 21.
h5 a4 22. a3 Ba6 23. Nf3 Bd3 24. Nfh4 Nxh4 25. Nxh4 Be4 26. f5 exf5 27. Nxf5 Kh7 28. Rf1 Bxf5 29. Qxf5+ Kg8 30. Rf3 Re8 31. dxc5 bxc5 32.
Rd1 Rad8 33. Rg3 Re5 34. Qg4 Rg5 35. Qf3 Rxg3 36. Qxg3 Qxh5 37. Qf3 Qxf3 38. gxf3 Kf7 39. c4 Ke6 40. cxd5+ Rxd5 41. Rc1 Rd3 42. Rxc5 Rxe3 43. Rc4 Rxf3 44. Rxa4 Rb3 45. Re4+ Kf5 46. Re2 g5 47. a4 Rb4 48. a5 Ra4 49. b4 Rxb4 50. Ra2 Rb7 51. a6 Ra7 52. Kf2 h5 53. Kf3 g4+ 54.
Kg3 Kg5 55. Ra5+ f5 56. Ra4 h4+ 57. Kg2 Kf6 58. Kf2 Kg6 59. Kg2 h3+ 60. Kg3 Kg5 0-1

[Event "*** Titled Tuesday Blitz"]
[Site "Chess.com"]
[Date "2020.04.14"]
[Round "1"]
[White "SARGISMV"]
[Black "Sychev_Klementy"]
[Result "0-1"]
[WhiteElo "2453"]
[BlackElo "2860"]
[TimeControl "180+1"]
[EndTime "10:09:21 PDT"]
[Termination "Sychev_Klementy won by checkmate"]

1. d4 Nf6 2. c4 g6 3. Nc3 d5 4. cxd5 Nxd5 5. e4 Nxc3 6. bxc3 Bg7 7. Nf3 c5 8. Be3 Qa5 9. Qd2 O-O 10. Rc1 Rd8 11. d5 e6 12. Bg5 f6 13. Be3 Nc6 14. Bd3 b6 15. O-O Ba6 16. c4 Qxd2 17. Bxd2 Ne7 18.
Bc3 exd5 19. exd5 Nxd5 20. Ba1 Nf4 21. Be4 Ne2+ 22. Kh1 Nxc1 23. Bxa8 Rxa8 24. Rxc1 Rd8 25. h4 Bh6 26. Re1 Kf7 27. g4 Bxc4 28. g5 Bg7 29.
Kh2 Bxa2 30. gxf6 Bxf6 31. Ng5+ Bxg5 32. hxg5 Be6 33. Bf6 Rd3 34. Ra1 a5 35. Rb1 Bb3 36.
Kg2 a4 37. Re1 Be6 38. f3 a3 39. Be5 a2 40. Rh1 Bd5 41. Rxh7+ Ke6 42. Bh8 Rxf3 43. Kg1 Rf8 44. Bc3 Rf3 45. Bh8 Rd3 46. Ra7 Rg3+ 47. Kf2 Rxg5 48. Ra6 Rg2+ 49. Ke3 Rg3+ 50. Kf4 Rb3 51. Kg5 Rb4 52. Kxg6 c4 53. Rxa2 Be4+ 54. Kg5 b5 55. Kf4 Bd5 56. Ra6+ Kd7 57. Ke5 Bf3 58. Kd4 Rb3 59. Kc5 c3 60. Ra7+ Ke6 61.
Bxc3 Rxc3+ 62. Kxb5 Kd6 63. Kb4 Rc1 64. Ra3 Bd5 65.
Ra6+ Ke5 66. Rh6 Kd4 67. Rh4+ Be4 68. Kb5 Rb1+ 69. Ka5 Rb2 70. Ka4 Rb8 71. Ka5 Kd5 72. Rh5+ Kc6 73. Ka4 Bd5 74. Ka3 Kc5 75. Rh4 Rb3+ 76.
Ka4 Rb2 77. Rh3 Rg2 78. Rc3+ Bc4 79. Ra3 Rg8 80. Rc3 Ra8# 0-1

[Event "*** Titled Tuesday Blitz"]
[Site "Chess.com"]
[Date "2020.04.14"]
[Round "1"]
[White "machupichu10"]
[Black "dey2580"]
[Result "0-1"]
[WhiteElo "2798"]
[BlackElo "2467"]
[TimeControl "180+1"]
[EndTime "10:09:21 PDT"]
[Termination "dey2580 won on time"]

1. d4 Nf6 2. c4 e6 3. Nf3 Bb4+ 4. Bd2 Bxd2+ 5. Qxd2 b6 6. g3 Bb7 7. Bg2 d6 8. Nc3 Nbd7 9. O-O O-O 10. Qc2 c5 11. Rfd1 Qe7 12. d5 exd5 13. Nh4 g6 14. cxd5 Rfe8 15.
Re1 Ng4 16. e4 c4 17. Nb5 Nde5 18. h3 Nf6 19. Re3 Rac8 20. Rd1 Nh5 21. Nd4 Nd3 22. Nhf3 Qf6 23. Qc3 a6 24. b3 Ne5 25. Nxe5 dxe5 26. Ne2 b5 27. bxc4 Rxc4 28. Qb3 Qd6 29. Rc3 Rec8 30.
Rdc1 Rxc3 31. Rxc3 Rxc3 32. Nxc3 Nf6 33. a4 b4 34. Nd1 a5 35. Ne3 Ba6 36. Nc4 Qc7 37.
Ne3 Qc1+ 38. Kh2 Qd2 39. Qc2 Qxc2 40. Nxc2 Bd3 41. Ne1 Bxe4 42. Bxe4 Nxe4 43. Nd3 b3 44. Kg2 Nc5 45. Nb2 f5 46. Kf3 Kf7 47. Ke3 Ke7 48. Kd2 Kd6 49. Nc4+ Kxd5 50. Nxa5 Nxa4 51. Nxb3 Ke4 52.
Ke1 Kf3 53. Kf1 Ke4 54. Nd2+ Kd3 55. Nf3 Ke4 56. Ng5+ Kd5 57. Nxh7 Ke6 58. Ng5+ Kf6 59. Nh7+ Kg7 60. Ng5 Kf6 61. Nf3 e4 62. Nd2 Nc3 63. Nc4 Nd5 64. h4 Nc3 65. Ke1 Nb5 66. Kd2 Nd4 67.
Ke3 Ne6 68. Nb6 Ng7 69. Nd5+ Ke5 70. Nf4 Kf6 71. Nd5+ Ke5 72. Ne7 Kf6 73. Ng8+ Kf7 74. Nh6+ Kf6 75. g4 Ne6 76. Ng8+ Kg7 77. Ne7 Kf6 78.
Ng8+ Kg7 79. Ne7 Kf6 80. gxf5 gxf5 81. Nc6 Ng7 82. Kf4 Ne6+ 83. Kg3 Ng7 84. Nd4 Nh5+ 85.
Kg2 Ke5 86. Nc6+ Kf4 0-1

[Event "*** Titled Tuesday Blitz"]
[Site "Chess.com"]
[Date "2020.04.14"]
[Round "1"]
[White "LileKoridze"]
[Black "Semen_Khanin"]
[Result "1/2-1/2"]
[WhiteElo "2278"]
[BlackElo "2611"]
[TimeControl "180+1"]
[EndTime "10:09:22 PDT"]
[Termination "Game drawn by repetition"]

1. d4 Nf6 2. c4 g6 3. Nc3 d5 4. Nf3 Bg7 5. Bg5 Ne4 6. cxd5 Nxg5 7. Nxg5 e6 8. Qd2 exd5 9. Qe3+ Kf8 10. Qf4 Bf6 11.
h4 h6 12. Nf3 Kg7 13. e3 Be6 14. Nb5 Na6 15. Be2 c6 16. Nc3 Nc7 17. O-O g5 18. Qg3 Ne8 19. Ne5 Nd6 20. h5 Nf5 21. Qf3 Qd6 22.
Bd3 Bxe5 23. Bxf5 Bxf5 24. Qxf5 Bf6 25. Ne2 Qe6 26. Qd3 Rhe8 27. Ng3 Kg8 28. Nf5 Bg7 29. Rae1 Qe4 30. Qxe4 Rxe4 31. Ng3 Re6 32. Rb1 a5 33. b3 Bf8 34. Rfc1 Ra6 35. Ne2 Bd6 36. Nc3 f5 37. Na4 Kf7 38. Nc5 Bxc5 39. Rxc5 f4 40. Re1 fxe3 41. Rxe3 Ke7 42. g4 Rxe3 43. fxe3 Kd6 44. Kf2 a4 45. Rc3 axb3 46. axb3 Ra2+ 47. Kf3 Rb2 48. Rd3 b5 49. e4 dxe4+ 50. Kxe4 Rf2 51. Rf3 Re2+ 52. Kd3 Rg2 53. Rf6+ Kd5 54. Rxh6 Rxg4 55. Rg6 Rg3+ 56. Kd2 Kxd4 57. Rxc6 Rxb3 58. Rb6 Rb2+ 59. Kc1 Rb3 60. h6 Kc5 61. Rg6 Rh3 62. Rxg5+ Kc4 63. Rg6 b4 64. Rc6+ Kb3 65. Kd2 Kb2 66. Rc2+ Ka3 67.
Rc6 b3 68. Ra6+ Kb2 69. Rb6 Ka2 70. Ra6+ Kb1 71. Rb6 b2 72. Rg6 Rh2+ 73. Kc3 Rh1 74. Rf6 Rh3+ 75. Kd2 Ka2 76. Ra6+ Kb1 77. Rf6 Rh2+ 78.
Kc3 Rh3+ 79. Kd2 1/2-1/2

[Event "*** Titled Tuesday Blitz"]
[Site "Chess.com"]
[Date "2020.04.14"]
[Round "1"]
[White "NicoChasin"]
[Black "OparinGrigoriy"]
[Result "0-1"]
[WhiteElo "2499"]
[BlackElo "2980"]
[TimeControl "180+1"]
[EndTime "10:09:28 PDT"]
[Termination "OparinGrigoriy won by checkmate"]

1. e4 c6 2. d4 d5 3. Nc3 dxe4 4. Nxe4 Nf6 5. Nxf6+ exf6 6. Bc4 Bd6 7. c3 O-O 8.
Ne2 Re8 9. O-O Bg4 10. f3 Bh5 11. Ng3 Bg6 12. Bd3 Qc7 13. f4 Bxd3 14. Qxd3 Nd7 15.
Bd2 g6 16. Ne4 f5 17. Ng5 Nf6 18. c4 Ne4 19. Nxe4 Rxe4 20. Rae1 Rae8 21. Rxe4 Rxe4 22. g3 Qe7 23. Bc3 h5 24. Qd2 b5 25. b3 b4 26.
Ba1 Re2 27. Qd3 Rxa2 28. c5 Bc7 29. h4 Qe6 30. Qf3 Bd8 31. d5 cxd5 32. Be5 Be7 33.
Rc1 Qc6 34. Bd4 Bf6 35. Bxf6 Qxf6 36. c6 Qb2 37. Re1 Qc2 38. c7 Qxc7 39. Qxd5 Qc3 40.
Re8+ Kg7 41. Qe5+ Qxe5 42. Rxe5 Ra3 43. Re3 a5 44. Kf2 Kf6 45. Ke2 Ra2+ 46. Kd3 a4 47. Kc4 axb3 48. Rxb3 Ke6 49. Rxb4 Re2 50. Rb6+ Ke7 51. Rb7+ Kf6 52. Rb6+ Kg7 53. Rb3 f6 54.
Kd3 Rg2 55. Kd4 Kh6 56. Kd5 Re2 57. Rb8 Re3 58. Rh8+ Kg7 59. Rb8 Rxg3 60. Rb7+ Kh6 61. Ke6 g5 62. Kxf6 gxf4 63. Rb8 Rg6+ 64. Kxf5 f3 65.
Rb3 f2 66. Rf3 Rg8 67. Ke4 Rg4+ 68. Ke3 Rxh4 69. Kxf2 Ra4 70. Rf6+ Kg5 71. Rf8 Kg4 72. Rg8+ Kh3 73. Kf3 h4 74. Kf2 Ra3 75. Rg7 Kh2 76. Rh7 h3 77. Rg7 Ra2+ 78. Kf1 Rg2 79. Rh7 Rg4 80. Kf2 Rf4+ 81. Ke3 Rf8 82. Rg7 Rf1 83. Ke2 Rf5 84. Ke3 Kh1 85. Ke2 Rf8 86. Rh7 h2 87.
Rg7 Rf6 88. Ke3 Rf1 89. Ke2 Rg1 90. Rh7 Kg2 91. Rg7+ Kh3 92. Rh7+ Kg3 93. Rg7+ Kf4 94. Rf7+ Ke5 95. Rh7 h1=Q 96. Rxh1 Rxh1 97. Kf2 Rh2+ 98. Kg3 Ra2 99. Kf3 Ra4 100. Ke3 Ra3+ 101. Kd2 Kd4 102. Kc2 Rc3+ 103. Kb2 Kc4 104. Kb1 Kb3 105. Ka1 Rc1# 0-1

[Event "*** Titled Tuesday Blitz"]
[Site "Chess.com"]
[Date "2020.04.14"]
[Round "1"]
[White "Apocalyps999"]
[Black "Nesty_Javi_Chess"]
[Result "1-0"]
[WhiteElo "2497"]
[BlackElo "2798"]
[TimeControl "180+1"]
[EndTime "10:09:30 PDT"]
[Termination "Apocalyps999 won by checkmate"]

1. e4 e5 2. Nf3 Nc6 3. Bc4 g6 4. O-O Bg7 5. c3 Nge7 6. d4 d6 7. Re1 O-O 8. h3 h6 9. Be3 a6 10. Nbd2 Kh7 11. Nf1 f5 12. exf5 Nxf5 13. Bd3 Qf6 14. Ng3 Nxg3 15. fxg3 Bxh3 16. Nh4 Bf5 17. Rf1 exd4 18. Nxf5 dxe3 19. Nh4 Qg5 20. Rxf8 Rxf8 21.
Nxg6 Rf2 22. Qb3 d5 23. Ne5+ Kh8 24. Ng6+ Kh7 25. Re1 Rd2 26. Ne5+ Rxd3 27. Nxd3 Qxg3 28. Qxd5 Qg6 29. Rxe3 Qd6 30. Qf5+ Qg6 31. Qxg6+ Kxg6 32. Re6+ Kf5 33. Re8 Bf6 34. Nc5 b6 35. Nd7 Be7 36. Nb8 Bc5+ 37. Kf1 Ne5 38. Nxa6 Bd6 39. Rc8 c5 40.
Rd8 Ke6 41. Nb8 Nf7 42. Rg8 Ne5 43. Na6 Nd3 44. b4 cxb4 45. cxb4 Nf4 46. b5 Kd5 47. a4 Ne6 48. Rg6 h5 49. a5 bxa5 50. b6 a4 51. b7 a3 52. Rh6 a2 53. Rxh5+ Kc6 54. Ra5 Kxb7 55. Rxa2 Kc6 56. Rd2 Ng5 57. g4 Ne4 58.
Rd4 Ng5 59. Kg2 Ne6 60. Rd1 Kd7 61. Nb4 Ke7 62. Nd5+ Kf7 63. Kf3 Ng5+ 64. Ke3 Ne6 65. Rf1+ Kg7 66. Rf5 Bc5+ 67. Ke4 Bd4 68. Nf4 Nxf4 69.
Kxd4 Ne6+ 70. Ke5 Nd8 71. Rf3 Nf7+ 72. Kf5 Nh6+ 73. Kg5 Nf7+ 74. Rxf7+ Kxf7 75. Kh6 Kg8 76. g5 Kh8 77. Kg6 Kg8 78. Kf6 Kh8 79. g6 Kg8 80. g7 Kh7 81. Kf7 Kh6 82. g8=Q Kh5 83. Qg3 Kh6 84.
Qg6# 1-0

[Event "*** Titled Tuesday Blitz"]
[Site "Chess.com"]
[Date "2020.04.14"]
[Round "1"]
[White "pirulillo"]
[Black "Skatchkov_V"]
[Result "1-0"]
[WhiteElo "2175"]
[BlackElo "2543"]
[TimeControl "180+1"]
[EndTime "10:09:34 PDT"]
[Termination "pirulillo won on time"]

1. e4 e5 2. Bc4 Nf6 3. d3 c6 4.
Nf3 d5 5. Bb3 Bb4+ 6. c3 Bd6 7.
O-O O-O 8. Nbd2 a5 9. a4 Bg4 10.
h3 Bh5 11. Re1 Nbd7 12. Qe2 Nc5 13. Bc2 dxe4 14. dxe4 Ne6 15. Nf1 Nd7 16. Ng3 Bg6 17. Nf5 Bc5 18. Be3 Qb6 19. Bxc5 Qxc5 20. g3 Rad8 21.
Qe3 Qxe3 22. Rxe3 f6 23. Ree1 Ndc5 24. Ne7+ Kf7 25. Nxg6 hxg6 26. Rad1 Ke7 27. Kf1 Nd7 28. Ke2 Nb6 29. b3 Nd7 30. Bd3 f5 31. Nd2 Nec5 32.
Bc2 Rh8 33. h4 Kf6 34. b4 axb4 35. cxb4 Ne6 36. Nb3 Nb6 37. a5 Nc4 38. Rb1 Nd4+ 39. Nxd4 Rxd4 40. Red1 Rhd8 41. Bb3 Rxe4+ 42. Kf1 Nd2+ 43.
Rxd2 Rxd2 44. Bd1 Rdd4 45. Bf3 Rxb4 46. Bxe4 Rxe4 47. Rxb7 Ra4 48. Rb6 Rxa5 49. Rxc6+ Kf7 50. Rc7+ Kg8 51. Rc6 Kh7 52. Kg2 Kh6 53. Rb6 Ra7 54.
Rc6 Ra2 55. Rc5 e4 56. Kf1 Ra1+ 57. Ke2 Ra6 58. Rc8 Kh5 59. Rh8+ Kg4 60. Rg8 Ra2+ 61. Ke3 Ra3+ 62. Ke2 Ra2+ 63. Ke3 Ra3+ 64. Ke2 Kh3 65. Rxg7 Kg2 66. Rxg6 Ra2+ 67. Ke3 Rxf2 68. h5 Rf3+ 69. Kd4 e3 70. h6 1-0

[Event "*** Titled Tuesday Blitz"]
[Site "Chess.com"]
[Date "2020.04.14"]
[Round "1"]
[White "nurgyulsalimova"]
[Black "albano87"]
[Result "1/2-1/2"]
[WhiteElo "2550"]
[BlackElo "2165"]
[TimeControl "180+1"]
[EndTime "10:09:41 PDT"]
[Termination "Game drawn by stalemate"]

1. d4 d5 2. Nf3 Nf6 3. g3 e6 4. Bg2 Be7 5. c4 O-O 6. Nc3 c6 7. O-O b6 8. Ne5 Bb7 9. e4 dxe4 10. Nxe4 Qc8 11. Qe2 Nbd7 12. Bf4 c5 13. Nxd7 Qxd7 14. Nxf6+ Bxf6 15. Bxb7 Qxb7 16. dxc5 bxc5 17. Rab1 Rfd8 18. b3 Rd7 19. Rbd1 Rad8 20. Be3 Bd4 21. Bg5 Re8 22. Rd2 h6 23. Be3 Red8 24. Rfd1 e5 25. Qg4 Qc6 26. h4 Kf8 27. Qf5 Qf6 28. Qxf6 gxf6 29. Bxh6+ Ke7 30. Kg2 Ke6 31. Kf3 f5 32. Ke2 f6 33.
Be3 Rg7 34. a3 Rg4 35. b4 Rc8 36. bxc5 Bxe3 37. Rd6+ Kf7 38. Kxe3 Rxc5 39. Rd7+ Kg6 40. Rxa7 Re4+ 41. Kf3 Rd4 42. Rxd4 exd4 43. Rd7 Rxc4 44.
Kg2 Ra4 45. Rd5 Kf7 46. Rd6 Rxa3 47. Rxd4 Kg6 48. Rf4 Rb3 49. Rf3 Rb4 50. Kh3 Rc4 51.
Rd3 Re4 52. Kg2 Rb4 53. Rd8 Rc4 54. Rg8+ Kh6 55. f3 Kh7 56. Rf8 Kg6 57. Kh3 Rc3 58. Kg2 Rc2+ 59. Kf1 Rc3 60. Ke2 Rc2+ 61. Ke3 Rg2 62.
Kf4 Kg7 63. Ra8 Rg1 64. h5 Rh1 65. Ra7+ Kh6 66. Kxf5 Rxh5+ 67. Kxf6 Rh3 68. Kf5 Rxg3 69. f4 Rg1 70. Rd7 Rb1 71. Rf7 Rb5+ 72. Kg4 Rb6 73. Rd7 Rc6 74. Rd5 Kg6 75. Rg5+ Kf6 76. Rh5 Kg6 77. f5+ Kg7 78. Kg5 Rd6 79. Rh3 Rc6 80. Ra3 Kf7 81. Ra7+ Kf8 82. Rh7 Kg8 83. Rh6 Rxh6 84. Kxh6 Kf7 85. Kg5 Kg7 86. f6+ Kf7 87.
Kf5 Kf8 88. Kg6 Kg8 89. Kh6 Kf7 90. Kg5 Kf8 91. Kg6 Kg8 92. f7+ Kf8 93. Kf6 1/2-1/2

[Event "*** Titled Tuesday Blitz"]
[Site "Chess.com"]
[Date "2020.04.14"]
[Round "1"]
[White "The_Machine04"]
[Black "Evgeny81"]
[Result "0-1"]
[WhiteElo "2379"]
[BlackElo "2730"]
[TimeControl "180+1"]
[EndTime "10:09:42 PDT"]
[Termination "Evgeny81 won by checkmate"]

1. d4 d5 2. Bf4 Nf6 3. e3 Bg4 4. Nf3 e6 5. h3 Bh5 6. c4 c6 7.
Nc3 Nbd7 8. Qb3 Qc8 9. Ne5 Nxe5 10. Bxe5 Nd7 11. Bg3 Be7 12. Rc1 Nb6 13. c5 Nd7 14.
Bd3 O-O 15. O-O Bd8 16. Qc2 Bg6 17. b4 a6 18. a4 Bc7 19. Bxg6 hxg6 20. Bxc7 Qxc7 21.
f4 g5 22. fxg5 Qg3 23. Qf2 Qxg5 24. Qf4 Qxf4 25. exf4 f6 26. Rce1 Rfe8 27. Re2 e5 28. Rfe1 e4 29. f5 Kf7 30. Nd1 b6 31. b5 axb5 32. axb5 bxc5 33. bxc6 Nb8 34. dxc5 Nxc6 35. Nc3 Re5 36. Nb5 Ra5 37. Rb2 Kg8 38. Nd6 Rxc5 39. Rb7 Re7 40. Rb6 e3 41. Re2 Nd4 42. Rb8+ Kh7 43.
Re1 e2 44. Kf2 Rc6 45. Nb5 Nxf5 46. g4 Nd6 47. Nxd6 Rxd6 48. Rxe2 Rxe2+ 49. Kxe2 Ra6 50. Kd3 Ra3+ 51. Kd4 Rxh3 52. Kxd5 Rh4 53. Rb4 Kg6 54. Ke6 Kg5 55. Rb7 Kg6 56. Rb4 Rh1 57. Ke7 Re1+ 58. Kf8 Ra1 59. Rb7 Ra8+ 60. Ke7 Kg5 61. Rb4 g6 62. Kf7 f5 63. gxf5 gxf5 64. Ke6 Re8+ 65. Kd5 f4 66. Kd4 Kg4 67. Rb1 Kg3 68. Rg1+ Kf2 69.
Rg7 f3 70. Kd3 Rd8+ 71. Ke4 Ke2 72. Ra7 f2 73. Ra2+ Rd2 74. Ra1 f1=Q 75. Rxf1 Kxf1 76. Ke3 Re2+ 77. Kd3 Ke1 78. Kd4 Kd2 79. Kc4 Re3 80. Kd5 Kd3 81. Kc5 Re4 82. Kd6 Kd4 83. Kc6 Re5 84. Kd6 Rd5+ 85. Ke6 Ke4 86. Kf6 Rd6+ 87.
Ke7 Ke5 88. Kf7 Rd7+ 89. Ke8 Ke6 90. Kf8 Rb7 91. Kg8 Kf6 92. Kh8 Kg6 93. Kg8 Rb8# 0-1

[Event "*** Titled Tuesday Blitz"]
[Site "Chess.com"]
[Date "2020.04.14"]
[Round "1"]
[White "RojonR"]
[Black "VojtechPlat"]
[Result "1-0"]
[WhiteElo "2406"]
[BlackElo "2732"]
[TimeControl "180+1"]
[EndTime "10:09:45 PDT"]
[Termination "RojonR won by resignation"]

1. e4 c5 2. Nf3 Nc6 3. Bb5 g6 4. Bxc6 dxc6 5. d3 Bg7 6. h3 Nf6 7. Be3 Nd7 8. Nc3 e5 9. Qd2 h6 10. Ne2 b6 11. g4 Nf8 12. Qc3 Qd6 13. Bf4 f6 14. Bg3 Ne6 15. Nd2 g5 16. Nc4 Qe7 17. Ne3 Nd4 18. Nf5 Bxf5 19. gxf5 O-O-O 20. Nxd4 Rxd4 21. O-O-O Rhd8 22. f3 Qf7 23. b3 Kb7 24. Bf2 R4d7 25. h4 Rh8 26. hxg5 hxg5 27. Qc4 Qxc4 28. bxc4 Rdd8 29. Kd2 Kc7 30. Ke2 Kd6 31. a4 Rxh1 32. Rxh1 Rh8 33. Rxh8 Bxh8 34. Kd2 Ke7 35. Ke2 Kf7 36. Kf1 Kg7 37. Kg2 Kh6 38. Kh3 Kh5 39.
Be1 a6 40. Bf2 Bg7 41. Be1 Bf8 42. Bd2 b5 43. cxb5 cxb5 44. axb5 axb5 45. Be3 Kh6 46. Kg4 Kg7 47. Kh5 Kf7 48. Bf2 c4 49. dxc4 bxc4 50. Bb6 Bb4 51. Bd8 Bd2 52. Kg4 Bf4 53.
Kh3 Be3 54. Kg2 Bc5 55. Kf1 Bf8 56. Ke2 Bc5 57. Kd2 Bd4 58. Kc1 Bc3 59. Kb1 Kg7 60. Ka2 Bb4 61. Kb2 Kf7 62. Kc1 Bf8 63. Kd2 Bb4+ 64. Kd1 Kg7 65. Kc1 Bc3 66. Kb1 Kf7 67.
Kc1 Bb4 68. Kd1 Bc3 69. Ke2 Bd4 70. Kd2 Kg7 71. Ba5 Bc5 72. Kc3 Kh6 73. Kxc4 Be7 74.
Kd5 Kh5 75. Ke6 Bc5 76. Kxf6 Kh4 77. Kxe5 Kg3 78. Kd5 Bf8 79. e5 Kxf3 80. e6 g4 81. Bc7 Be7 82. Be5 g3 83. Bxg3 Kxg3 84. Ke5 Kg4 85.
f6 Bb4 86. e7 1-0

[Event "*** Titled Tuesday Blitz"]
[Site "Chess.com"]
[Date "2020.04.14"]
[Round "1"]
[White "GMKrikor"]
[Black "VALPARAISO37"]
[Result "1-0"]
[WhiteElo "2707"]
[BlackElo "2357"]
[TimeControl "180+1"]
[EndTime "10:09:53 PDT"]
[Termination "GMKrikor won by checkmate"]

1. e4 e5 2. Nf3 Nc6 3. Bc4 Bc5 4. O-O Nf6 5. d3 d6 6. Re1 O-O 7. a4 a6 8. c3 Ba7 9. h3 h6 10. Nbd2 Ne7 11. Nf1 Ng6 12. Be3 Be6 13. Bxe6 fxe6 14.
Bxa7 Rxa7 15. d4 exd4 16. Qxd4 Ra8 17. e5 dxe5 18. Qxd8 Raxd8 19. Nxe5 Nf4 20. Rad1 g5 21. Ne3 Kg7 22. Kh2 N6d5 23. Nxd5 exd5 24. g3 Nh5 25. Kg2 c6 26. Nd3 Rfe8 27. Nc5 Rxe1 28. Rxe1 Kf6 29. Re6+ Kf7 30. Rxh6 Ng7 31. Nxb7 Rb8 32. Nd6+ Kg8 33. Rg6 Kh7 34. Rxg5 Rxb2 35. Nf7 Ne6 36. Re5 Nc5 37. c4 Nd3 38. Re7 Rxf2+ 39. Kg1 Kg8 40. Ne5 Rd2 41.
Nxd3 Rxd3 42. cxd5 cxd5 43. Kg2 Ra3 44. h4 Rxa4 45. Rd7 d4 46. Kh3 d3 47. Rxd3 a5 48.
Rd7 Ra1 49. Ra7 a4 50. h5 a3 51. Kg4 a2 52. Ra6 Kg7 53. Ra7+ Kh6 54. Ra6+ Kh7 55.
Ra4 Kh6 56. Ra3 Kh7 57. Ra6 Kg7 58. Ra3 Kh6 59. Ra7 Rb1 60. Ra6+ Kh7 61. Rxa2 Rb4+ 62. Kg5 Rb5+ 63. Kh4 Kg7 64. g4 Rb7 65. Ra6 Kh7 66.
Ra4 Rc7 67. Ra5 Re7 68. Kg5 Rg7+ 69. Kf5 Rf7+ 70. Kg5 Rg7+ 71. Kh4 Rb7 72. Rf5 Kh6 73. Rf6+ Kg7 74. g5 Rb4+ 75. Kg3 Rb3+ 76. Kg4 Rb4+ 77.
Rf4 Rb5 78. Re4 Rd5 79. Kf4 Kf7 80. Re5 Rd4+ 81. Kf5 Rd1 82. g6+ Kg7 83. Re7+ Kg8 84.
Kg5 Rd5+ 85. Kh6 Rf5 86. Re8+ Rf8 87. Rxf8+ Kxf8 88. Kh7 Ke7 89. g7 Kf6 90. g8=Q Kf5 91. Qg6+ Kf4 92. Kg7 Ke5 93. h6 Kd5 94. Kf6 Kd4 95. h7 Kd5 96. h8=Q Kd4 97. Qh4+ Kd5 98. Qf5+ Kd6 99. Qd4+ Kc6 100. Qfc5+ Kb7 101. Qdb4+ Ka6 102. Qca5# 1-0

[Event "*** Titled Tuesday Blitz"]
[Site "Chess.com"]
[Date "2020.04.14"]
[Round "2"]
[White "FannyDuarteNapoles"]
[Black "Vamostodorecto"]
[Result "0-1"]
[WhiteElo "2256"]
[BlackElo "2505"]
[TimeControl "180+1"]
[EndTime "10:11:06 PDT"]
[Termination "Vamostodorecto won by resignation"]

1. c4 e5 2. Nc3 Nc6 3. Nf3 g6 4.
e3 Bg7 5. d4 d6 6. dxe5 Nxe5 7.
Nxe5 Bxe5 8. Ke2 Ne7 9. f4 Bg7 10. Ke1 O-O 11. Bd3 Nf5 12. e4 0-1

[Event "*** Titled Tuesday Blitz"]
[Site "Chess.com"]
[Date "2020.04.14"]
[Round "2"]
[White "Chessalary"]
[Black "avantage_ru"]
[Result "0-1"]
[WhiteElo "2282"]
[BlackElo "2542"]
[TimeControl "180+1"]
[EndTime "10:12:00 PDT"]
[Termination "avantage_ru won by resignation"]

1. e4 d6 2. d4 Nf6 3. Nc3 c6 4. Be3 Ng4 5. Bd2 e5 6. dxe5 dxe5 7. f3 Nf6 8. Be3 Qxd1+ 9. Rxd1 Be6 10. a3 Nbd7 11.
Bd3 b5 12. Nge2 a5 13. O-O Bc5 14. Nb1 Bxe3+ 0-1

[Event "*** Titled Tuesday Blitz"]
[Site "Chess.com"]
[Date "2020.04.14"]
[Round "2"]
[White "Godzillator"]
[Black "zurzan"]
[Result "1-0"]
[WhiteElo "2371"]
[BlackElo "1943"]
[TimeControl "180+1"]
[EndTime "10:12:03 PDT"]
[Termination "Godzillator won by resignation"]

1. d4 d6 2. c4 f5 3. Nc3 Nf6 4. f3 g6 5. e4 fxe4 6. fxe4 Bg7 7. Nf3 O-O 8. Be2 Nbd7 9. O-O e5 10. dxe5 Nxe5 11. Nxe5 dxe5 12. Qxd8 Rxd8 13. Bg5 c6 14. Bxf6 Bxf6 15. Rxf6 Rd2 16. Rd1 Rxb2 17. Rd8+ Kg7 18. Rff8 Rc2 19. Rxc8 Rxc8 20. Rxc8 Rxc3 21. Rc7+ Kf6 22.
Rxb7 Rc1+ 23. Kf2 Rc2 24. Rxa7 1-0

[Event "*** Titled Tuesday Blitz"]
[Site "Chess.com"]
[Date "2020.04.14"]
[Round "2"]
[White "renehp"]
[Black "pitopisback"]
[Result "1-0"]
[WhiteElo "2412"]
[BlackElo "2128"]
[TimeControl "180+1"]
[EndTime "10:12:05 PDT"]
[Termination "renehp won by resignation"]

1. e4 c5 2. Nf3 d6 3. d4 cxd4 4.
Nxd4 Nf6 5. Nc3 a6 6. Be3 e5 7. Nb3 Be6 8. h3 h5 9. Qf3 Nbd7 10. O-O-O Rc8 11. Bd3 Rxc3 12. bxc3 Qc7 13. Bd2 Nb6 14. Bg5 Qxc3 15. Bb5+ 1-0

[Event "*** Titled Tuesday Blitz"]
[Site "Chess.com"]
[Date "2020.04.14"]
[Round "2"]
[White "Hippotaner"]
[Black "ChesterF"]
[Result "0-1"]
[WhiteElo "2265"]
[BlackElo "2507"]
[TimeControl "180+1"]
[EndTime "10:12:09 PDT"]
[Termination "ChesterF won by resignation"]

1. Nf3 d5 2. g3 Nf6 3. Bg2 Bf5 4.
O-O e6 5. d3 h6 6. Nbd2 Be7 7.
Re1 O-O 8. c3 c5 9. Qc2 Nc6 10.
e4 Bh7 11. e5 Nd7 12. Nf1 c4 13.
d4 Bxc2 0-1

[Event "*** Titled Tuesday Blitz"]
[Site "Chess.com"]
[Date "2020.04.14"]
[Round "2"]
[White "Trankuilizer"]
[Black "GuerrieroFromLevant"]
[Result "1-0"]
[WhiteElo "2656"]
[BlackElo "2351"]
[TimeControl "180+1"]
[EndTime "10:12:10 PDT"]
[Termination "Trankuilizer won by resignation"]

1. e4 e6 2. d4 d5 3. Nd2 c5 4.
exd5 exd5 5. Ngf3 Nf6 6. Bb5+ Bd7 7. Bxd7+ Nbxd7 8. O-O Be7 9. dxc5 Nxc5 10. Nb3 O-O 11. Be3 Ne6 12. c3 a5 13. a4 Rc8 14. h3 Rc4 15.
Nbd4 Qd7 16. Ne5 Qc8 17. Nxc4 Qxc4 18. Qe2 Nxd4 19. Qxc4 Nf3+ 20. gxf3 dxc4 21. Rfd1 Rd8 22. Rxd8+ Bxd8 23. Rd1 1-0

[Event "*** Titled Tuesday Blitz"]
[Site "Chess.com"]
[Date "2020.04.14"]
[Round "2"]
[White "platy3"]
[Black "cholzan"]
[Result "1-0"]
[WhiteElo "2738"]
[BlackElo "2521"]
[TimeControl "180+1"]
[EndTime "10:12:15 PDT"]
[Termination "platy3 won by resignation"]

1. e4 e6 2. d4 d5 3. Nc3 Bb4 4. e5 c5 5. a3 Bxc3+ 6. bxc3 Ne7 7. Qg4 Qc7 8. Qxg7 Rg8 9. Qxh7 cxd4 10. Ne2 Nbc6 11. f4 dxc3 12. h4 d4 13. h5 Bd7 14.
h6 O-O-O 15. Qd3 Nf5 16. h7 Rh8 17. g4 Ne3 18. Bxe3 dxe3 19. Qxe3 Ne7 20. Bg2 Bc6 21. Bxc6 Rd5 1-0

[Event "*** Titled Tuesday Blitz"]
[Site "Chess.com"]
[Date "2020.04.14"]
[Round "2"]
[White "ValeriyGrinev"]
[Black "Denis_Makhnyov"]
[Result "1-0"]
[WhiteElo "2595"]
[BlackElo "2849"]
[TimeControl "180+1"]
[EndTime "10:12:27 PDT"]
[Termination "ValeriyGrinev won by checkmate"]

1. d4 Nf6 2. c4 e6 3. Nc3 Bb4 4. e3 O-O 5. Bd2 b6 6. Bd3 Bb7 7. Nf3 d5 8. cxd5 exd5 9. O-O a6 10. Rc1 Nbd7 11. Ne5 Bd6 12. f4 Qe7 13. Qf3 c5 14.
Qh3 Bc8 15. Nxd5 Qe6 16. Nxd7 Qxd5 17. Nxf6+ gxf6 18. Qxh7# 1-0